 Dungeon Crawl Stone Soup version 0.31.0-4-g52a2dc7128 (webtiles) character file.

Game seed: 12824768443227376183

28 shadowrider38 the Grave Robber (level 3, -1/16 HPs)
             Began as a Vine Stalker Necromancer on Jan 21, 2024.
             Slain by Terence
             ... wielding a +3 hand axe of flaming
              (2 damage)
             ... on level 2 of the Dungeon.
             The game lasted 00:01:52 (1649 turns).

shadowrider38 the Grave Robber (VSNe)               Turns: 1649, Time: 00:01:52

Health: -1/16      AC:  3    Str: 10    XL:     3   Next: 12%
Magic:  0/7        EV: 11    Int: 15    God:
Gold:   106        SH:  0    Dex: 16    Spells: 5/6 levels left

rFire   . . .        a - +0 short sword
rCold   . . .        (no shield)
rNeg    . . .        j - +0 leather armour
rPois   .            (no helmet)
rElec   .            (no cloak)
rCorr   +            (no gloves)
SInv    .            (no boots)
Will    .....        (no amulet)
Stlth   ++           g - ring of resist corrosion
HPRegen 1.02/turn    (no ring)
MPRegen 0.10/turn

%: guardian spirit
@: no status effects
A: fangs 2, regeneration 1, magic shield, antimagic bite, no potion heal 2
a: no special abilities


You were on level 2 of the Dungeon.
You visited 1 branch of the dungeon, and saw 2 of its levels.

You collected 106 gold pieces.

Inventory:

Hand Weapons
 a - a +0 short sword (weapon)
Missiles
 t - 6 boomerangs
 v - 6 javelins
Armour
 j - a +0 leather armour (worn)
Jewellery
 g - a ring of resist corrosion (left hand)
Scrolls
 h - a scroll of silence {unknown}
 i - a scroll of acquirement {unknown}
Potions
 b - 3 potions of magic
 f - a potion of ambrosia {unknown}


   Skills:
 + Level 2.4 Short Blades
 - Level 1.5 Dodging
 - Level 2.4 Stealth
 - Level 2.1 Spellcasting
 - Level 4.0 Necromancy


You had 5 spell levels left.
You knew the following spells:

 Your Spells              Type           Power      Damage    Failure   Level
a - Necrotise             Necr           52%        1d6       6%          1

Your spell library contained the following spells:

 Spells                   Type           Power      Damage    Failure   Level
 Vampiric Draining        Necr           13%        2d6       17%         3
 Animate Dead             Necr           13%        N/A       50%         4
 Curse of Agony           Necr           13%        N/A       85%         5


Dungeon Overview and Level Annotations

Branches:
Dungeon (2/15) Zot: 10353

Altars:

Shops:
D:1 ?   D:2 [

Annotations:
D:1 exclusion: downstairs
D:2 Terence


Innate Abilities, Weirdness & Mutations

You have extremely sharp teeth.
Your natural rate of healing is unusually fast.
When hurt, damage is shared between your health and your magic reserves.
Your bite disrupts and absorbs the magic of your enemies.
Potions cannot restore your health.


Message History

A rat is nearby!
A rat is nearby!
A rat is nearby!
Unknown command.
You see here 6 boomerangs.
t - 6 boomerangs
Found a hand axe.
The rat misses you. The rat closely misses you.
You closely miss the rat. Your bite misses the rat. The rat barely misses you.
You hit the rat.
You kill the rat!
No target in view!
No target in view!
You see here a rat corpse.
A bat is nearby!
Unknown command.
Terence shouts!
You see here a potion of magic.
b - 3 potions of magic (gained 1)
You aren't carrying any items that you can evoke.
Unknown command.
Press: ? - help, v - describe, . - travel
Here: Terence, wielding a +3 hand axe of flaming and wearing a +0 chain mail The floor.
Unknown command.
You see here a ball python corpse.
You see here 8 stones.
Aiming: Necrotise (safe; 6% risk of failure)
Press: ? - help, Q - select action, (/) - cycle Shift-Dir - straight line, f - Terence
Aim: Terence, wielding a +3 hand axe of flaming and wearing a +0 chain mail (chance to affect: 76%) Terence writhes in agony.
Terence hits you with a +3 hand axe of flaming!
Terence burns you.
Unknown command.
Okay, then.
Unknown command.
The air fills with toxic fumes!
As you read the scroll labelled WUFICL VOTT, it crumbles to dust.
It was a scroll of poison.
Terence hits you with a +3 hand axe of flaming!
* * * LOW HITPOINT WARNING * * *
Terence burns you.
* * * LOW HITPOINT WARNING * * *
Okay, then.
It was a potion of heal wounds.
That seemed strangely inert.
Terence hits you with a +3 hand axe of flaming.
* * * LOW HITPOINT WARNING * * *
Terence burns you.
You die...
Terence says, "Rest in peace."

#.#.....#...########...@..###
###....§§§§§§#########.####....
#......§§§§§§§§#§§§§§#.# ####.
#$..#....§§§§§§§§§§§§§§§.# #.
..# #.#..§§§§§§§§§§§§§§§.# #@
.. ...#..§§§§§§§§§§§§§(..# ###.
.######..§§§§§§§§§§§.....#
##... .# #.#§§§§§§§§@########
#..## .######.##§§§§§§@§# #.†#.
........##§§§§§§§§# #.... .#
#...§#§§§§§§§# #....
.######..§§§§§§§§§# #....
....#####§##§§##### #....
##....###.#§§§# #....
##..>....§§§#... #....
##.......§§§..... #....
##....###..####..# #....


You could see Terence.

Vanquished Creatures
  A ribbon worm (D:2)
  3 ball pythons
  3 bats
  2 giant cockroaches (D:1)
  2 goblins
  A hobgoblin (D:1)
  2 jackals (D:1)
  A quokka (D:2)
  2 frilled lizards (D:1)
  2 kobolds (D:1)
  3 rats
22 creatures vanquished.

Vanquished Creatures (collateral kills)
  A jackal (D:1)
1 creature vanquished.

Grand Total: 23 creatures vanquished

Notes
Turn   | Place    | Note
-------+----------+-------------------------------------------
     0 | D:1      | shadowrider38 the Vine Stalker Necromancer began the quest
                  | for the Orb.
     0 | D:1      | Reached XP level 1. HP: 9/9 MP: 4/4
   243 | D:1      | Reached XP level 2. HP: 12/13 MP: 3/6
   701 | D:1      | Found Cucroil's Magic Scroll Boutique.
  1343 | D:2      | Noticed Terence
  1420 | D:2      | Found Dast's Armour Shoppe.
  1473 | D:2      | Reached XP level 3. HP: 16/16 MP: 5/7
  1649 | D:2      | Slain by Terence

Illustrated notes

Levels and vault maps discovered:
D:1:      roderic_crossed_star, layout_basic, serial_shops,
          nicolae_shop_tiny_waterfront, minmay_pentomino_q4
D:2:      layout_rooms, serial_shops, nicolae_shop_statue_plus,
          uniq_crazy_yiuf_cottage, uniq_natasha, uniq_terence

Skill      XL: |  1  2 |
---------------+-------+-----
Short Blades   | 1 2 |  2.4
Dodging        | |  1.5
Stealth        | |  2.4
Spellcasting   | |  2.1
Necromancy     | |  4.0

Action                     || total
---------------------------++-------
  Melee: Unarmed           ||    14
         Bite              ||     7
         Short sword       ||    30
   Cast: Necrotise         ||    16
    Use: Scroll            ||     1
         Potion            ||     1
   Stab: Sleeping          ||     3
 Armour: Robe              ||    18
         Leather armour    ||    13
  Dodge: Dodged            ||    27
